 Dungeon Crawl Stone Soup version 0.31-a0-152-g6aa68a64a1 (webtiles) character file.

Game seed: 1936418936249615505

34238 zazu2006 the Protected (level 13, -2/100 HPs)
             Began as a Gnoll Wanderer on June 10, 2023.
             Was a High Priest of Vehumet.
             Slain by a skeletal warrior
             ... wielding a +1 hand axe of pain
              (12 damage)
             ... on level 10 of the Dungeon.
             The game lasted 00:45:24 (18089 turns).

zazu2006 the Protected (Gnoll Wanderer)            Turns: 18089, Time: 00:45:25

Health: -2/100     AC: 21    Str: 20    XL:     13   Next: 76%
Magic:  12/26      EV: 11    Int: 14    God:    Vehumet [*****.]
Gold:   1064       SH:  0    Dex: 12    Spells: 14/30 levels left

rFire   + . .        N - +4 quarterstaff of Ylacasi Zesm {speed, Fly rF+ rCorr}
rCold   . . .        (shield currently unavailable)
rNeg    . . .        O - +2 chain mail {Will+}
rPois   .            (no helmet)
rElec   .            a - +2 cloak
rCorr   +            L - +2 pair of gloves
SInv    +            (no boots)
Will    +....        (no amulet)
Stlth   +            f - ring of see invisible
HPRegen 0.36/turn    j - +6 ring of strength
MPRegen 0.20/turn

%: no passive effects
@: flying
A: fangs 1, strong nose, distributed training
a: Renounce Religion


You were on level 10 of the Dungeon.
You worshipped Vehumet.
Vehumet was extremely pleased with you.
You visited 3 branches of the dungeon, and saw 16 of its levels.

You collected 1064 gold pieces.

Inventory:

Hand Weapons
 d - a +4 war axe of freezing
 h - a +2 mace of protection
 C - a +1 spear of freezing
 N - the +4 quarterstaff of Ylacasi Zesm (weapon) {speed, Fly rF+ rCorr}
   (You found it on level 5 of the Dungeon)

   rF:        It protects you from fire.
   Fly:       It grants you flight.
   rCorr:     It protects you from acid and corrosion.
Missiles
 b - 3 poisoned darts (quivered)
 k - 4 datura-tipped darts
 H - 5 atropa-tipped darts
Armour
 a - a +2 cloak (worn)
 L - a +2 pair of gloves (worn)
 O - a +2 chain mail of willpower (worn)
Jewellery
 f - a ring of see invisible (left hand)
 j - a +6 ring of strength (right hand)
 v - a ring of resist corrosion
 y - a ring of magical power
 F - a ring of ice
 S - a +6 ring of intelligence
Wands
 n - a wand of flame (59)
 s - a wand of polymorph (18)
 J - a wand of roots (15)
 W - a wand of digging (5)
Scrolls
 g - 3 scrolls of immolation {unknown}
 l - 5 scrolls of fear
 m - 3 scrolls of brand weapon {unknown}
 r - 7 scrolls of teleportation
 t - 2 scrolls of vulnerability {unknown}
 u - 2 scrolls of poison {unknown}
 w - 3 scrolls of magic mapping
 z - 2 scrolls of identify
 B - 2 scrolls of enchant weapon {unknown}
 E - a scroll of fog {unknown}
 G - a scroll of silence {unknown}
 I - a scroll of amnesia {unknown}
 M - a scroll of blinking {unknown}
 Q - a scroll of summoning {unknown}
 R - a scroll of noise {unknown}
 T - a scroll of torment {unknown}
Potions
 c - 2 potions of cancellation {unknown}
 e - 3 potions of brilliance
 i - 4 potions of haste
 o - 3 potions of heal wounds
 p - 3 potions of attraction
 q - 2 potions of berserk rage
 x - 2 potions of resistance
 A - 3 potions of mutation {unknown}
 D - 5 potions of degeneration {unknown}
 K - a potion of might
 P - 2 potions of curing
 V - a potion of enlightenment {unknown}


   Skills:
 + Level 8.9 Fighting
 + Level 8.9 Short Blades
 + Level 8.9 Long Blades
 + Level 8.9 Axes
 + Level 8.9 Maces & Flails
 + Level 8.9 Polearms
 + Level 8.9 Staves
 + Level 8.9 Ranged Weapons
 + Level 10.0 Throwing
 + Level 11.0 Armour
 + Level 8.9 Dodging
 + Level 8.9 Stealth
 + Level 8.9 Shields
 + Level 8.9 Unarmed Combat
 + Level 9.4 Spellcasting
 + Level 7.4 Conjurations
 + Level 7.4 Hexes
 + Level 7.4 Summonings
 + Level 7.4 Necromancy
 + Level 9.3 Translocations
 + Level 7.4 Transmutations
 + Level 7.4 Fire Magic
 + Level 7.4 Ice Magic
 + Level 7.4 Air Magic
 + Level 7.4 Earth Magic
 + Level 7.4 Poison Magic
 + Level 9.7 Invocations
 + Level 9.3 Evocations


You had 14 spell levels left.
You knew the following spells:

 Your Spells              Type           Power      Damage    Failure   Level
a - Sandblast             Erth           54%        2d13      1%          1
b - Mephitic Cloud        Conj/Pois/Air  27%        N/A       2%          3
c - Olgreb's Toxic Radia  Pois           27%        N/A       7%          4
d - Stone Arrow           Conj/Erth      54%        3d10      2%          3
e - Lee's Rapid Deconstr  Erth           13%        3d9*      19%         5

Your spell library contained the following spells:

 Spells                   Type           Power      Damage    Failure   Level
 Freeze                   Ice            100%       1d10      1%          1
 Lesser Beckoning         Tloc           64%        N/A       1%          2
 Momentum Strike          Conj/Tloc      60%        3d9       1%          2
 Poisonous Vapours        Pois/Air       54%        N/A       1%          2
 Necrotise                Necr           100%       1d9       2%          1
 Frozen Ramparts          Ice            54%        1d9       2%          3
 Hailstorm                Conj/Ice       27%        3d7       2%          3
 Ignite Poison            Fire/Tmut/Pois 27%        N/A       2%          3
 Passwall                 Tmut/Erth      22%        N/A       4%          2
 Sticky Flame             Conj/Fire      27%        2d5       7%          4
 Vampiric Draining        Necr           27%        2d7       9%          3
 Freezing Cloud           Conj/Ice/Air   13%        6-21      19%         5
 Agony                    Necr           27%        N/A       58%         5
 Ignition                 Fire           13%        3d6       100%        8


Dungeon Overview and Level Annotations

Branches:
Dungeon (11/15)            Temple (1/1) D:4            Lair (4/5) D:10
 Shoals (0/4) Lair:3        Snake (0/4) Lair:3
  Slime: Lair:4-5       Orc: D:9-12

Altars:
Ashenzari
Cheibriados
Dithmenos
Elyvilon
Gozag
Hepliaklqana
Kikubaaqudgha
Makhleb
Nemelex Xobeh
Okawaru
Qazlal
Ru
Sif Muna
Trog
Vehumet
Wu Jian
Xom
Yredelemnul
Zin
The Shining One

Shops:
D:2 *

Annotations:
D:4 2 transporters, osoart's ghost, amateur DESu
Lair:3 1 runed translucent door, Ifaaq's ghost, journeyman MiFi


Innate Abilities, Weirdness & Mutations

You have very sharp teeth.
Your uncanny sense of smell can sniff out nearby items.
Your experience applies equally to all skills.


Message History

The stone arrow hits the skeletal warrior!
The skeletal warrior is heavily damaged.
The skeletal warrior hits you with a +1 hand axe of pain!
You writhe in agony.
Casting: Stone Arrow (mildly dangerous; 2% risk of failure)
Confirm with . or Enter, or press ? or * to list all spells.
Aiming: Stone Arrow (mildly dangerous; 2% risk of failure)
Press: ? - help, Shift-Dir - straight line, f/p - skeletal warrior
Aim: a skeletal warrior, wielding a +1 hand axe of pain (heavily damaged, 71% to hit)
The stone arrow hits the skeletal warrior!
The skeletal warrior is severely damaged.
The skeletal warrior hits you with a +1 hand axe of pain!
You writhe in agony.
Casting: Stone Arrow (mildly dangerous; 2% risk of failure)
Confirm with . or Enter, or press ? or * to list all spells.
Aiming: Stone Arrow (mildly dangerous; 2% risk of failure)
Press: ? - help, Shift-Dir - straight line, f/p - skeletal warrior
Aim: a skeletal warrior, wielding a +1 hand axe of pain (severely damaged, 71% to hit)
The stone arrow hits the skeletal warrior!
The skeletal warrior is almost destroyed.
The skeletal warrior hits you but does no damage.
Casting: Stone Arrow (mildly dangerous; 2% risk of failure)
Confirm with . or Enter, or press ? or * to list all spells.
Aiming: Stone Arrow (mildly dangerous; 2% risk of failure)
Press: ? - help, Shift-Dir - straight line, f/p - skeletal warrior
Aim: a skeletal warrior, wielding a +1 hand axe of pain (almost destroyed, 71% to hit)
The stone arrow hits the skeletal warrior.
The skeletal warrior is almost destroyed.
The skeletal warrior hits you with a +1 hand axe of pain!!
* * * LOW HITPOINT WARNING * * *
You writhe in agony.
* * * LOW HITPOINT WARNING * * *
Casting: Stone Arrow (mildly dangerous; 2% risk of failure)
Confirm with . or Enter, or press ? or * to list all spells.
Aiming: Stone Arrow (mildly dangerous; 2% risk of failure)
Press: ? - help, Shift-Dir - straight line, f/p - skeletal warrior
Aim: a skeletal warrior, wielding a +1 hand axe of pain (almost destroyed, 71% to hit)
The stone arrow misses the skeletal warrior.
The skeletal warrior hits you with a +1 hand axe of pain!
You die...

#.###..# #.....# #.# #.###.)#
#.....# ####.#### #......#
#.....# ##...<...# ####...#
###)### ##..##.##.# #.#######.#
##.#.##.##.# #(# #.†...#
#.###...##.# #.# #.#####
##.#.#####.# ########[###)###.##
##..#####.#
#.....##......#@z.#####........#
##.###.##......................##
.....#.##....#......#####.####.#
#..#.#.##..#......#.# #.####.##
#......##Y.>....#.#.# #.#......
#.##.####.#####.....# #.#.##.##
..##.####..........## #......#
..............##...# ###.#####
..............##...# #........


You could see a skeletal warrior.

Vanquished Creatures
  Nessos (Lair:4)
  The ghost of Udepn the Fighter, a journeyman OgFE of Vehumet (Lair:2)
  A hydra (Lair:4)
  2 catoblepae
  A boulder beetle (Lair:4)
  2 two-headed ogres
  Urug (D:10)
  A skeletal warrior (D:10)
  3 skysharks
  A lindwurm (Lair:4)
  A salamander (Lair:3)
  Maurice (D:8)
  2 merfolk sirens (Lair:3)
  Joseph (D:10)
  A black mamba (Lair:1)
  2 cane toads (Lair:1)
  Maggie (D:7)
  6 rime drakes
  5 komodo dragons
  2 polar bears
  2 merfolk (Lair:3)
  3 trolls (D:10)
  2 hornets
  19 blink frogs
  A vampire (D:9)
  2 shadows (D:10)
  2 wyverns
  A basilisk (Lair:1)
  Grum (D:8)
  48 yaks
  Menkaure (D:4)
  9 water moccasins
  Duvessa (D:5)
  4 orc warriors
  3 sky beasts
  2 ice beasts
  2 ogres (D:6)
  27 wolves
  6 centaurs
  A phantom (D:5)
  8 bullfrogs
  2 scorpions (D:8)
  2 gnoll sergeants
  7 wights
  Dowan (D:5)
  3 killer bees (D:7)
  2 electric eels (D:10)
  2 jellies
  2 lava snakes (Lair:3)
  2 orc priests
  Crazy Yiuf (D:2)
  5 hounds
  4 sleepcaps
  Jessica (D:3)
  Ijyb (D:3)
  5 iguanas
  Natasha (D:4)
  9 orc wizards
  8 gnolls (D:5)
  7 adders
  A shadow imp (D:5)
  4 white imps
  An ufetubus (D:7)
  A worm (D:2)
  2 dart slugs
  29 orcs
  5 ball pythons
  4 endoplasms
  4 giant cockroaches
  9 goblins
  6 hobgoblins
  2 jackals (D:3)
  5 kobolds
  6 quokkas
  7 bats
  9 frilled lizards
  7 rats
348 creatures vanquished.

Notes
Turn   | Place    | Note
-------+----------+-------------------------------------------
     0 | D:1      | zazu2006 the Gnoll Wanderer began the quest for the Orb.
     0 | D:1      | zazu2006 set off with the following items: a +0 dagger, 9
                  | poisoned darts, a +0 chain mail, a potion of curing; and
                  | the following spells available to memorise: Lesser
                  | Beckoning, Momentum Strike.
     0 | D:1      | Reached XP level 1. HP: 13/13 MP: 4/4
   223 | D:1      | Reached XP level 2. HP: 19/19 MP: 5/5
   535 | D:1      | Reached XP level 3. HP: 25/25 MP: 7/7
  1050 | D:2      | Identified the +0 ring mail "Edui" {Harm Str+3}
  1203 | D:2      | Reached skill level 1 in Invocations
  1204 | D:2      | Found Huqar's Assorted Antiques.
  1223 | D:2      | Reached skill level 1 in Fighting
  1223 | D:2      | Reached skill level 1 in Short Blades
  1223 | D:2      | Reached skill level 1 in Long Blades
  1223 | D:2      | Reached skill level 1 in Axes
  1223 | D:2      | Reached skill level 1 in Maces & Flails
  1223 | D:2      | Reached skill level 1 in Polearms
  1223 | D:2      | Reached skill level 1 in Staves
  1223 | D:2      | Reached skill level 1 in Ranged Weapons
  1223 | D:2      | Reached skill level 1 in Dodging
  1223 | D:2      | Reached skill level 1 in Stealth
  1223 | D:2      | Reached skill level 1 in Shields
  1223 | D:2      | Reached skill level 1 in Unarmed Combat
  1289 | D:2      | Reached XP level 4. HP: 32/32 MP: 8/8
  1664 | D:2      | Found a runed translucent door.
  1665 | D:2      | Noticed Crazy Yiuf
  1713 | D:3      | Noticed Ijyb
  1736 | D:3      | Killed Ijyb
  1737 | D:3      | Reached skill level 1 in Conjurations
  1737 | D:3      | Reached skill level 1 in Hexes
  1737 | D:3      | Reached skill level 1 in Summonings
  1737 | D:3      | Reached skill level 1 in Necromancy
  1737 | D:3      | Reached skill level 1 in Transmutations
  1737 | D:3      | Reached skill level 1 in Fire Magic
  1737 | D:3      | Reached skill level 1 in Ice Magic
  1737 | D:3      | Reached skill level 1 in Air Magic
  1737 | D:3      | Reached skill level 1 in Earth Magic
  1737 | D:3      | Reached skill level 1 in Poison Magic
  1976 | D:3      | Noticed Jessica
  1981 | D:3      | Killed Jessica
  1982 | D:3      | Reached XP level 5. HP: 24/37 MP: 9/9
  2583 | D:4      | Identified the +2 buckler of Somewhere Else {rF+ Will++
                  | Int-4}
  2590 | D:4      | Found a staircase to the Ecumenical Temple.
  2625 | D:4      | Noticed Natasha
  2631 | D:4      | Killed Natasha
  2636 | Temple   | Entered the Ecumenical Temple
  2696 | Temple   | Became a worshipper of Vehumet
  2802 | D:4      | Reached XP level 6. HP: 38/44 MP: 9/11
  2896 | D:4      | Found a glowing silver altar of Zin.
  2896 | D:4      | Noticed Menkaure
  2899 | D:4      | Killed Menkaure
  2900 | D:4      | Reached skill level 5 in Throwing
  3193 | D:4      | Found a transporter.
  3450 | D:4      | Found a stormy altar of Qazlal.
  3542 | D:4      | Noticed osoart's ghost (amateur DESu)
  3557 | D:4      | Found a transporter.
  3708 | D:5      | Entered Level 5 of the Dungeon
  3731 | D:4      | Reached skill level 7 in Armour
  3731 | D:4      | Reached XP level 7. HP: 31/51 MP: 12/12
  3871 | D:5      | Noticed Duvessa
  3872 | D:5      | Noticed Dowan
  3895 | D:5      | Killed Duvessa
  3899 | D:5      | Killed Dowan
  4089 | D:5      | Found an opulent altar of Gozag.
  4390 | D:5      | Reached XP level 8. HP: 32/58 MP: 14/14
  4848 | D:5      | Identified the +4 quarterstaff of Ylacasi Zesm {speed, Fly
                  | rF+ rCorr}
  5242 | D:6      | Reached * piety under Vehumet
  5242 | D:6      | Offered knowledge of Sandblast by Vehumet.
  5279 | D:6      | Learned a level 1 spell: Sandblast
  5355 | D:6      | Found a glowing golden altar of the Shining One.
  6170 | D:6      | Reached XP level 9. HP: 64/65 MP: 16/16
  6229 | D:7      | Reached skill level 5 in Spellcasting
  6387 | D:6      | Reached skill level 5 in Evocations
  6453 | D:7      | Noticed a hornet
  6459 | D:7      | Paralysed by a hornet for 3 turns
  6462 | D:7      | Killed a hornet
  6813 | D:7      | Reached skill level 8 in Armour
  6948 | D:7      | Noticed Maggie
  6959 | D:7      | Killed Maggie
  6959 | D:7      | Offered knowledge of Scorch by Vehumet.
  6960 | D:7      | Reached skill level 5 in Invocations
  6961 | D:7      | Reached ** piety under Vehumet
  7205 | D:2      | Killed Crazy Yiuf
  7438 | D:8      | Noticed a two-headed ogre
  7449 | D:8      | Killed a two-headed ogre
  7450 | D:8      | Reached skill level 5 in Fighting
  7450 | D:8      | Reached skill level 5 in Short Blades
  7450 | D:8      | Reached skill level 5 in Long Blades
  7450 | D:8      | Reached skill level 5 in Axes
  7450 | D:8      | Reached skill level 5 in Maces & Flails
  7450 | D:8      | Reached skill level 5 in Polearms
  7450 | D:8      | Reached skill level 5 in Staves
  7450 | D:8      | Reached skill level 5 in Ranged Weapons
  7450 | D:8      | Reached skill level 5 in Dodging
  7450 | D:8      | Reached skill level 5 in Stealth
  7450 | D:8      | Reached skill level 5 in Shields
  7450 | D:8      | Reached skill level 5 in Unarmed Combat
  7450 | D:8      | Reached XP level 10. HP: 70/74 MP: 18/18
  7504 | D:8      | Noticed Maurice
  7535 | D:8      | Killed Maurice
  8059 | D:8      | Noticed Grum
  8076 | D:8      | Killed Grum
  8076 | D:8      | Offered knowledge of Dazzling Flash by Vehumet.
  8620 | D:8      | Found a bloodstained altar of Trog.
  9388 | D:10     | Entered Level 10 of the Dungeon
  9389 | D:10     | Noticed Urug
  9397 | D:10     | Killed Urug
  9414 | D:10     | Reached *** piety under Vehumet
  9415 | D:10     | Reached skill level 9 in Armour
  9427 | D:10     | Reached skill level 5 in Conjurations
  9427 | D:10     | Reached skill level 5 in Hexes
  9427 | D:10     | Reached skill level 5 in Summonings
  9427 | D:10     | Reached skill level 5 in Necromancy
  9427 | D:10     | Reached skill level 5 in Transmutations
  9427 | D:10     | Reached skill level 5 in Fire Magic
  9427 | D:10     | Reached skill level 5 in Ice Magic
  9427 | D:10     | Reached skill level 5 in Air Magic
  9427 | D:10     | Reached skill level 5 in Earth Magic
  9427 | D:10     | Reached skill level 5 in Poison Magic
  9583 | D:10     | Reached XP level 11. HP: 81/81 MP: 21/21
  9777 | D:10     | Noticed Joseph
  9815 | D:10     | Killed Joseph
 10015 | D:10     | Offered knowledge of Olgreb's Toxic Radiance by Vehumet.
 10020 | D:10     | Learned a level 3 spell: Mephitic Cloud
 10025 | D:10     | Learned a level 4 spell: Olgreb's Toxic Radiance
 10072 | D:10     | Noticed a two-headed ogre
 10106 | D:10     | Killed a two-headed ogre
 10334 | D:10     | Found a staircase to the Lair.
 10661 | D:10     | Reached **** piety under Vehumet
 10910 | D:11     | Noticed a skeletal warrior
 10910 | D:11     | Noticed a skeletal warrior
 10912 | D:11     | Noticed a skeletal warrior
 10950 | Lair:1   | Entered Level 1 of the Lair of Beasts
 10957 | Lair:1   | Offered knowledge of Iskenderun's Mystic Blast by Vehumet.
 11572 | Lair:1   | Found a burning altar of Makhleb.
 11728 | Lair:1   | Reached XP level 12. HP: 54/91 MP: 17/23
 11732 | Lair:1   | Learned a level 3 spell: Stone Arrow
 12548 | Lair:1   | Noticed a catoblepas
 12571 | Lair:1   | Killed a catoblepas
 12826 | Lair:1   | Reached skill level 10 in Armour
 13274 | Lair:2   | Noticed a catoblepas
 13318 | Lair:2   | Killed a catoblepas
 13498 | Lair:2   | Found a runed translucent door.
 13750 | Lair:2   | Identified the +6 plate armour "Jaurogg" {rC+}
 13920 | Lair:2   | Noticed Udepn's ghost (journeyman OgFE)
 13935 | Lair:2   | Found an ancient bone altar of Kikubaaqudgha.
 14547 | Lair:2   | Killed Udepn's ghost
 14547 | Lair:2   | Reached ***** piety under Vehumet
 14627 | Lair:2   | Offered knowledge of Lee's Rapid Deconstruction by Vehumet.
 14634 | Lair:2   | Learned a level 5 spell: Lee's Rapid Deconstruction
 15310 | Lair:2   | Reached XP level 13. HP: 84/98 MP: 20/25
 15968 | Lair:3   | Found a runed translucent door.
 15972 | Lair:3   | Noticed Ifaaq's ghost (journeyman MiFi)
 16014 | Lair:3   | Found a staircase to the Snake Pit.
 16234 | Lair:3   | Found a staircase to the Shoals.
 16705 | Lair:4   | Noticed Nessos
 16721 | Lair:4   | Killed Nessos
 17091 | Lair:4   | Reached skill level 10 in Throwing
 17091 | Lair:4   | Reached skill level 11 in Armour
 18089 | D:10     | Slain by a skeletal warrior

Illustrated notes

Levels and vault maps discovered:
D:1:      matt_arrival_spirals, layout_loops_ring, minmay_lizard_pond
D:2:      layout_basic, serial_shops, nicolae_lakefront_shop, kennysheep_potato,
          uniq_crazy_yiuf_cottage
D:3:      layout_loops_ring, uniq_jessica, uniq_ijyb
D:4:      layout_basic, nicolae_overflow_hidden_temple, temple_fountains,
          gammafunk_ghost_gnarly_gnolls, uniq_menkaure, uniq_natasha
D:5:      layout_basic, general_overflow_altar, uniq_duvessa
D:6:      layout_gridville, old_standard_altar
D:7:      layout_rooms, uniq_maggie
D:8:      layout_loops_ring, trog_butcher_becter, palyth_stone_intersect,
          st_stairs_11, uniq_grum, uniq_maurice
D:9:      layout_cave_pools
D:10:     layout_loops_cross, erik_lair_island, eino_tiny_chamber, uniq_urug,
          uniq_joseph
D:11:     lemuel_insect_pit, layout_rooms, ebering_ghost_inner_flame,
          st_stairs_13
Temple:   nicolae_temple_x_marks_the_god
Lair:1:   layout_cave_pods, lemuel_centaur_altar
Lair:2:   layout_regular_city, basic_altar, ebering_ghost_reflecting_pool,
          fungi_pond_lemuel
Lair:3:   layout_chaotic_city, elwin_shoals_entry_stream,
          nicolae_snake_entry_warm_welcome, ebering_ghost_reflecting_pool
Lair:4:   layout_roguey, grunt_megastairs_5, uniq_nessos

Skill      XL: |  1  2  3  4  5  6  7  8  9 10 11 12 13 |
---------------+----------------------------------------+-----
Invocations    | 1 2 3 4 5 6 7 8 9 |  9.7
Fighting       | 1 2 3 4 5 6 7 8 |  8.9
Short Blades   | 1 2 3 4 5 6 7 8 |  8.9
Long Blades    | 1 2 3 4 5 6 7 8 |  8.9
Axes           | 1 2 3 4 5 6 7 8 |  8.9
Maces & Flails | 1 2 3 4 5 6 7 8 |  8.9
Polearms       | 1 2 3 4 5 6 7 8 |  8.9
Staves         | 1 2 3 4 5 6 7 8 |  8.9
Ranged Weapons | 1 2 3 4 5 6 7 8 |  8.9
Dodging        | 1 2 3 4 5 6 7 8 |  8.9
Stealth        | 1 2 3 4 5 6 7 8 |  8.9
Shields        | 1 2 3 4 5 6 7 8 |  8.9
Unarmed Combat | 1 2 3 4 5 6 7 8 |  8.9
Spellcasting   | 3 4 5 6 7 8 9 |  9.4
Conjurations   | 1 2 3 4 5 6 7 |  7.4
Hexes          | 1 2 3 4 5 6 7 |  7.4
Summonings     | 1 2 3 4 5 6 7 |  7.4
Necromancy     | 1 2 3 4 5 6 7 |  7.4
Transmutations | 1 2 3 4 5 6 7 |  7.4
Fire Magic     | 1 2 3 4 5 6 7 |  7.4
Ice Magic      | 1 2 3 4 5 6 7 |  7.4
Air Magic      | 1 2 3 4 5 6 7 |  7.4
Earth Magic    | 1 2 3 4 5 6 7 |  7.4
Poison Magic   | 1 2 3 4 5 6 7 |  7.4
Evocations     | 3 4 5 6 7 8 9 |  9.3
Throwing       | 5 6 7 8 9 10 | 10.0
Armour         | 7 8 9 10 11 | 11.0
Translocations | 6 7 8 9 |  9.3

Action                     |  1- 3 |  4- 6 |  7- 9 | 10-12 | 13-15 || total
---------------------------+-------+-------+-------+-------+-------++-------
  Melee: Dagger            |   138 |       |       |       |       ||   138
         Bite              |    15 |    12 |    29 |   113 |    29 ||   198
         Punch             |     4 |     2 |    11 |       |       ||    17
         Mace              |    62 |   155 |   251 |       |       ||   468
         Unarmed           |       |     6 |       |       |       ||     6
         Quarterstaff      |       |       |    12 |   791 |   213 ||  1016
  Throw: Dart              |     3 |    18 |    94 |    36 |       ||   151
   Cast: Mephitic Cloud    |       |       |       |    39 |    23 ||    62
         Sandblast         |       |       |       |     7 |     9 ||    16
         Olgreb's Toxic Ra |       |       |       |    15 |    22 ||    37
         Stone Arrow       |       |       |       |     8 |    14 ||    22
  Evoke: Wand              |       |     3 |     7 |     9 |       ||    19
    Use: Scroll            |       |       |       |     8 |       ||     8
         Potion            |       |       |       |     3 |       ||     3
   Stab: Confused          |       |       |       |    26 |     8 ||    34
 Armour: Chain mail        |   157 |   108 |   177 |   303 |   107 ||   852
         Skin              |       |     2 |       |       |       ||     2
  Dodge: Dodged            |    90 |    80 |   157 |   317 |    97 ||   741

Table legend: (Time is in decaauts)
 A = Elapsed time spent in this place.
 B = Non-inter-level travel time spent in this place.
 C = Inter-level travel time spent in this place.
 D = Time resting spent in this place.
 E = Time spent auto-exploring this place.
 F = Levels seen in this place.
 G = Mean time per level.
                   A        B        C        D        E       F      G
               +--------+--------+--------+--------+--------+-----+--------+
         Total |  17842 |  16793 |   1049 |   1436 |  11780 |  16 | 1115.1 |
       Dungeon |  11472 |  10718 |    754 |    638 |   7591 |  11 | 1042.9 |
        Temple |     70 |     60 |     10 |      0 |     44 |   1 |   70.0 |
          Lair |   6299 |   6015 |    284 |    798 |   4145 |   4 | 1574.8 |
               +--------+--------+--------+--------+--------+-----+--------+

Top non-repeatable levels by time:
  Lair:1: 2210 daAuts
    D:10: 1816 daAuts
  Lair:2: 1745 daAuts
     D:5: 1632 daAuts
     D:8: 1414 daAuts
  Lair:3: 1249 daAuts
     D:4: 1198 daAuts
  Lair:4: 1093 daAuts
     D:6: 1081 daAuts
     D:1: 1019 daAuts
     D:3: 941 daAuts
     D:2: 845 daAuts
     D:7: 779 daAuts
     D:9: 713 daAuts
  Temple: 70 daAuts
